 Dungeon Crawl Stone Soup version 0.22-b1-21-g5cfc168 (webtiles) character file.

1763 wojtek the Cleaver (level 8, -18/69 HPs)
             Began as a Minotaur Fighter on Aug 4, 2018.
             Was a Follower of Makhleb.
             Killed themself with a badly aimed iceblast (20 damage)
             ... on level 7 of the Dungeon.
             The game lasted 00:07:26 (5093 turns).

wojtek the Cleaver (Minotaur Fighter)               Turns: 5093, Time: 00:07:27

Health: -18/69     AC: 12    Str: 23    XL:     8   Next: 79%
Magic:  10/10      EV:  7    Int:  9    God:    Makhleb [*.....]
Gold:   267        SH: 10    Dex: 10    Spells: 7/7 levels left

rFire    . . .     SeeInvis .   a - +0 war axe
rCold    . . .     Gourm    .   c - +0 shield
rNeg     . . .     Faith    .   w - +0 chain mail
rPois    .         Spirit   .   (helmet restricted)
rElec    .         Reflect  .   u - +0 cloak
rCorr    .         Harm     .   p - +0 pair of gloves
MR       .....                  (no boots)
Stlth    ..........             (no amulet)
HPRegen  0.21/turn              i - +4 ring of intelligence
MPRegen  0.12/turn              v - ring of stealth

@: no status effects
A: retaliatory headbutt, horns 2
a: Renounce Religion


You were on level 7 of the Dungeon.
You worshipped Makhleb.
Makhleb was aware of your devotion.
You were very hungry.

You visited 1 branch of the dungeon, and saw 7 of its levels.

You collected 267 gold pieces.

Inventory:

Hand Weapons
 a - a +0 war axe (weapon)
Armour
 c - a +0 shield (worn)
 p - a +0 pair of gloves (worn)
 u - a +0 cloak (worn)
 w - a +0 chain mail (worn)
Jewellery
 i - a +4 ring of intelligence (left hand)
 v - a ring of stealth (right hand)
 x - an uncursed amulet of rage {unknown}
 A - an uncursed ring of see invisible {unknown}
Wands
 o - a wand of random effects (14)
Scrolls
 b - a scroll of silence {unknown}
 e - 5 scrolls of identify
 j - a scroll of magic mapping
 k - 2 scrolls of enchant weapon
 n - a scroll of random uselessness {unknown}
 r - a scroll of fear
 t - 3 scrolls of teleportation {unknown}
 y - a scroll of immolation {unknown}
 C - a scroll of amnesia {unknown}
Potions
 d - 3 potions of might
 g - a potion of degeneration {unknown}
 h - a potion of magic {unknown}
 l - 2 potions of cancellation {unknown}
 m - 2 potions of resistance {unknown}
 q - a potion of curing {unknown}
 s - 2 potions of ambrosia {unknown}
 z - a potion of berserk rage {unknown}
 B - a potion of heal wounds {unknown}
Comestibles
 f - 6 rations


   Skills:
 + Level 5.4 Fighting
 * Level 8.4 Axes
 + Level 5.6 Armour
 + Level 3.5 Dodging
 + Level 5.5 Shields
 * Level 4.2 Invocations
 + Level 2.9 Evocations


You had 7 spell levels left.
You didn't know any spells.
Your spell library was empty.

Dungeon Overview and Level Annotations

Branches:
Dungeon (7/15)
 Temple: D:4-7

Altars:
Cheibriados
Elyvilon
Gozag
Kikubaaqudgha
Makhleb
Nemelex Xobeh
Okawaru
Qazlal
Sif Muna
Vehumet
Wu Jian

Shops:
D:7 *

Annotations:
D:4 Grinder, Natasha


Innate Abilities, Weirdness & Mutations

You reflexively headbutt those who attack you in melee.
You have a pair of horns on your head.


Message History

The orc wizard blinks!
Cornered, the orc warrior turns to fight!
Cornered, the orc turns to fight!
The orc wizard gestures wildly while chanting.
The orc wizard blinks!
The orc warrior hits you with a scimitar.
* * * LOW HITPOINT WARNING * * *
Evoke which item? (* to show all) (? for menu, Esc to quit)
Aiming: Random Effects
Press: ? - help, Shift-Dir - straight line, f/p - orc warrior
Aim: an orc warrior, wielding a scimitar and wearing a plate armour (moderately wounded, fast)
The orc warrior seems to slow down.
Evoke which item? (* to show all) (? for menu, Esc to quit)
Aiming: Random Effects
Press: ? - help, Shift-Dir - straight line, f - orc, p - orc warrior
Aim: an orc, wielding a club The mass of ice explodes!
The iceblast engulfs the orc warrior.
The orc warrior is severely wounded.
The iceblast engulfs you!
You die...

******,*,,,,,,,,,...,,*,*******,+
,,,,,,,,,,,,,,,,,...,,,>,,,,,,,,*
************,****#§#***********,*
**** *,* #)# *****,* ,,,* #.* #(#
*,,,,,* *,** #.*
###(########,***** *,*
#.#*#...(...(..#,* *,*
#..*#8oo.......#,* *,*
*#.##@.........#,* *,*
#.8.∩†8.(.....#,* ,,*
#..#.#+########,* ***
###..8#.#.,,,,,,,*
#.........#******* #.........#
*,*** ####.........# *<,,*
#..........#.#*****,*
#.###..#...#...,,,,,*


You could see an orc warrior and an orc.

Vanquished Creatures
  A hungry ghost (D:6)
  Duvessa (D:4)
  A black bear (D:6)
  2 sky beasts
  2 ogres (D:6)
  A centaur (D:7)
  A bullfrog (D:6)
  3 scorpions
  Dowan (D:4)
  4 wights (D:6)
  A crimson imp (D:5)
  A centaur zombie (D:5)
  2 iguanas
  4 iron imps
  A centaur skeleton (D:4)
  Natasha (D:4)
  An orc wizard (D:5)
  3 worker ants
  A hound skeleton (D:7)
  2 worker ant zombies (D:6)
  7 adders
  An adder zombie (D:5)
  3 worms
  A dart slug (D:1)
  5 leopard geckos
  4 orcs
  7 bats
  6 giant cockroaches
  8 goblins
  7 hobgoblins
  8 jackals
  4 quokkas
  3 frilled lizards
  8 kobolds
  A quokka zombie (D:6)
  6 rats
113 creatures vanquished.

Notes
Turn   | Place    | Note
-------+----------+-------------------------------------------
     0 | D:1      | wojtek the Minotaur Fighter began the quest for the Orb.
     0 | D:1      | Reached XP level 1. HP: 19/19 MP: 0/0
    79 | D:1      | Reached skill level 3 in Axes
   175 | D:1      | Found a sparkling altar of Nemelex Xobeh.
   331 | D:1      | Reached XP level 2. HP: 23/26 MP: 1/1
   790 | D:2      | Reached skill level 4 in Axes
   889 | D:2      | Reached XP level 3. HP: 29/31 MP: 2/2
  1305 | D:3      | Found a radiant altar of Vehumet.
  1305 | D:3      | Found an ornate altar of the Wu Jian Council.
  1327 | D:3      | Found an ancient bone altar of Kikubaaqudgha.
  1387 | D:3      | Reached skill level 5 in Axes
  1465 | D:3      | Reached XP level 4. HP: 39/39 MP: 3/3
  1479 | D:3      | Reached skill level 6 in Axes
  1848 | D:3      | Found a deep blue altar of Sif Muna.
  1927 | D:3      | Found an opulent altar of Gozag.
  1928 | D:3      | Found a sparkling altar of Nemelex Xobeh.
  2008 | D:3      | Reached XP level 5. HP: 45/45 MP: 4/4
  2088 | D:3      | Found a burning altar of Makhleb.
  2110 | D:3      | Reached skill level 1 in Dodging
  2261 | D:3      | Became a worshipper of Makhleb the Destroyer
  2506 | D:4      | Reached skill level 1 in Evocations
  2510 | D:4      | Noticed Natasha
  2514 | D:4      | Killed Natasha
  2514 | D:4      | Reached XP level 6. HP: 52/52 MP: 5/5
  2523 | D:4      | Found a stormy altar of Qazlal.
  2528 | D:4      | Found a white marble altar of Elyvilon.
  2578 | D:4      | Noticed Grinder
  2584 | D:4      | Paralysed by Grinder for 7 turns
  2641 | D:4      | Noticed Duvessa
  2641 | D:4      | Noticed Dowan
  2649 | D:4      | Killed Dowan
  2649 | D:4      | Reached skill level 1 in Invocations
  2653 | D:4      | Killed Duvessa
  2757 | D:4      | Noticed Natasha
  2808 | D:4      | Paralysed by Grinder for 6 turns
  2861 | D:5      | Entered Level 5 of the Dungeon
  2975 | D:5      | Reached skill level 7 in Axes
  2975 | D:5      | Reached XP level 7. HP: 39/60 MP: 7/7
  3141 | D:5      | Found a snail-covered altar of Cheibriados.
  3542 | D:5      | Found an iron altar of Okawaru.
  3813 | D:6      | Noticed a hungry ghost
  3840 | D:6      | Killed a hungry ghost
  3840 | D:6      | Reached XP level 8. HP: 64/67 MP: 9/9
  3924 | D:6      | Reached skill level 5 in Armour
  3926 | D:6      | Reached skill level 5 in Shields
  3945 | D:6      | Reached * piety under Makhleb
  3948 | D:6      | Reached skill level 5 in Fighting
  4166 | D:6      | Reached skill level 8 in Axes
  5040 | D:7      | Found Socaahud's Assorted Antiques.
  5091 | D:7      | HP: 2/69 [orc warrior/scimitar (4)]
  5093 | D:7      | Killed themself with a badly aimed iceblast

Skill      XL: |  1  2  3  4  5  6  7  8 |
---------------+-------------------------+-----
Axes           | 3 4 5 6 7 8 |  8.4
Dodging        | 1 2 3 |  3.5
Fighting       | 4 5 |  5.4
Armour         | 4 5 |  5.6
Shields        | 4 5 |  5.5
Evocations     | 1 2 |  2.9
Invocations    | 1 3 4 |  4.2

Action                   |  1- 3 |  4- 6 |  7- 9 || total
-------------------------+-------+-------+-------++-------
Melee: War axe           |    86 |   109 |   161 ||   356
       Headbutt          |     8 |    26 |    33 ||    67
Evoke: Wand              |       |     1 |     4 ||     5
  Use: Scroll            |       |       |     4 ||     4
  Eat: Chunk             |     2 |     3 |     3 ||     8
       Ration            |       |       |     3 ||     3
Armor: Scale mail        |    43 |    33 |    22 ||    98
       Chain mail        |       |       |    59 ||    59
Dodge: Dodged            |    24 |    24 |    38 ||    86
Block: Shield            |    50 |    53 |    72 ||   175
